 Dungeon Crawl Stone Soup version 0.31.0-1-g2c135a0 (webtiles) character file.

Game seed: 17850413679160700001

294 mushindo the Conjurer (level 6, -1/36 HPs)
             Began as an Octopode Conjurer on Apr 14, 2024.
             Slain by an ufetubus (3 damage)
             ... on level 5 of the Dungeon.
             The game lasted 00:25:12 (3589 turns).

mushindo the Conjurer (Octopode Conjurer)           Turns: 3589, Time: 00:25:13

Health: -1/36      AC:  1    Str:  8    XL:     6   Next: 34%
Magic:  3/10       EV: 13    Int: 21    God:
Gold:   141        SH:  0    Dex: 10    Spells: 4/11 levels left

rFire   . . .        g - +2 short sword (venom)
rCold   . . .        (no shield)
rNeg    . . .        (helmet restricted)
rPois   .            r - amulet of regeneration
rElec   .            (no ring)
rCorr   .            (no ring)
SInv    .            (no ring)
Will    .....        (no ring)
Stlth   ++++         (no ring)
HPRegen 1.06/turn    (no ring)
MPRegen 0.12/turn    (no ring)
                     (no ring)

%: no passive effects
@: no status effects
A: almost no armour, amphibious, 8 rings, camouflage 1, gelatinous body 1,
(nimble swimmer 1), tentacles
a: no special abilities


You were on level 5 of the Dungeon.
You visited 1 branch of the dungeon, and saw 5 of its levels.

You collected 141 gold pieces.

Inventory:

Hand Weapons
 g - a +2 short sword of venom (weapon)
 o - a +0 vampiric dagger
 p - a +0 spear
 q - a +0 sling
 t - a +0 falchion
Missiles
 h - 12 stones
 k - 8 poisoned darts
 s - 2 silver javelins
Jewellery
 r - an amulet of regeneration (around mantle)
Scrolls
 b - 3 scrolls of teleportation
 e - a scroll of immolation {unknown}
 f - a scroll of fog {unknown}
 i - a scroll of fear
 m - a scroll of enchant armour
 u - 2 scrolls of blinking {unknown}
 v - a scroll of poison {unknown}
Potions
 a - a potion of magic
 c - 2 potions of heal wounds {unknown}
 j - a potion of might {unknown}
 l - 2 potions of curing
 n - a potion of berserk rage {unknown}


   Skills:
 + Level 3.4 Dodging
 + Level 4.9 Stealth
 + Level 3.3 Spellcasting
 + Level 5.0 Conjurations
 + Level 1.5 Translocations


You had 4 spell levels left.
You knew the following spells:

 Your Spells              Type           Power      Damage    Failure   Level
a - Magic Dart            Conj           96%        1d7       1%          1
b - Iskenderun's Mystic   Conj/Tloc      17%        2d5       32%         4
c - Searing Ray           Conj           48%        2d6       2%          2

Your spell library contained the following spells:

 Spells                   Type           Power      Damage    Failure   Level
 Slow                     Hex            12%        N/A       13%         1
 Confusing Touch          Hex            3%         N/A       36%         3
 Sigil of Binding         Hex            3%         N/A       36%         3
 Vampiric Draining        Necr           3%         2d6       36%         3
 Fulminant Prism          Conj/Alch      7%         3d7       41%         4


Dungeon Overview and Level Annotations

Branches:
Dungeon (5/15)
 Temple: D:4-7

Altars:
Vehumet

Shops:
D:5 :


Innate Abilities, Weirdness & Mutations

You cannot wear most types of armour.
You are amphibious.
You can wear up to eight rings at the same time.
Your skin changes colour to match your surroundings (Stealth+).
Your rubbery body absorbs attacks. (AC +1, EV +1)
((You are camouflaged when in or above water. (Stealth+)))
You have tentacles for arms and can constrict up to eight enemies at once.


Message History

The hound is moderately wounded.
The hound barks! (Press . to maintain the ray.)
The ufetubus slips past you! The ufetubus hits you.
The ufetubus closely misses you.
The searing ray misses the ufetubus.
The searing ray hits the hound.
The hound is severely wounded.
The ufetubus hits you but does no damage.
The ufetubus barely misses you.
The searing ray hits the hound.
You kill the hound!
The ufetubus hits you. x3
The ufetubus hits you but does no damage.
The ufetubus hits you. The ufetubus closely misses you.
The ufetubus hits you. x2
Your Conjurations skill increases to level 5!
The ufetubus hits you. The ufetubus closely misses you.
The ufetubus attacks as it pursues you! The ufetubus hits you. x2
The ufetubus attacks as it pursues you! The ufetubus closely misses you.
The ufetubus hits you. The ufetubus misses you. The ufetubus hits you.
* * * LOW HITPOINT WARNING * * *
Casting: Searing Ray (safe; 2% risk of failure)
Confirm with . or Enter, or press ? or * to list all spells.
Aiming: Searing Ray (safe; 2% risk of failure)
Press: ? - help, Shift-Dir - straight line, f - ufetubus
Aim: an ufetubus (66% to hit)
The searing ray misses the ufetubus.
The searing ray hits the ufetubus.
The ufetubus is severely wounded. (Press . to maintain the ray.)
The ufetubus barely misses you. The ufetubus hits you.
* * * LOW HITPOINT WARNING * * *
The searing ray hits the ufetubus.
The ufetubus is heavily wounded.
The searing ray hits the ufetubus.
You kill the ufetubus!
The ufetubus hits you.
* * * LOW HITPOINT WARNING * * *
The ufetubus hits you.
* * * LOW HITPOINT WARNING * * *
The ufetubus closely misses you. The ufetubus hits you.
You die...

... .#.... # ..
..... ###. ..
.... .....#.#.$.
.....#....
#$.......
#.......# .
#......<#####....
.#
#.......5@.......
..
#.......######...
.. .# #..)....#
##.^ .. ........#
.....# . #.
#...##...
......###. #.
##<.# ####
####..........
#.##...####. ....
.....#
#...........
###W# ......
##....######
#..<######.....


You could see an ufetubus.

Vanquished Creatures
  A bombardier beetle (D:3)
  2 hounds (D:5)
  A sleepcap (D:4)
  3 gnolls (D:2)
  10 adders
  An ufetubus (D:5)
  A ribbon worm (D:2)
  A dart slug (D:2)
  3 endoplasms
  3 giant cockroaches
  3 goblins
  4 hobgoblins
  8 jackals
  6 kobolds
  2 quokkas (D:2)
  3 ball pythons
  2 bats
  4 frilled lizards
  A rat (D:1)
59 creatures vanquished.

Notes
Turn   | Place    | Note
-------+----------+-------------------------------------------
     0 | D:1      | mushindo the Octopode Conjurer began the quest for the Orb.
     0 | D:1      | Reached XP level 1. HP: 11/11 MP: 3/3
   303 | D:1      | Reached XP level 2. HP: 16/17 MP: 5/5
   848 | D:2      | Reached XP level 3. HP: 18/21 MP: 2/6
  1241 | D:2      | Reached XP level 4. HP: 27/27 MP: 3/7
  1637 | D:2      | Learned a level 4 spell: Iskenderun's Mystic Blast
  1640 | D:2      | Learned a level 2 spell: Searing Ray
  1857 | D:2      | Reached XP level 5. HP: 31/31 MP: 4/9
  2310 | D:3      | Found a radiant altar of Vehumet.
  2763 | D:3      | Reached skill level 1 in Translocations
  3005 | D:3      | You fall into a shaft and drop 2 floors!
  3005 | D:5      | Entered Level 5 of the Dungeon
  3088 | D:5      | Noticed a phantom
  3130 | D:5      | Found Jobef's Book Shop.
  3154 | D:5      | Noticed an ogre
  3187 | D:4      | Reached XP level 6. HP: 36/36 MP: 3/10
  3586 | D:5      | Reached skill level 5 in Conjurations
  3589 | D:5      | Slain by an ufetubus

Illustrated notes

Levels and vault maps discovered:
D:1:      dpeg_arrival_leaves_temple_mockup, layout_basic
D:2:      layout_basic, minmay_pentomino_v4
D:3:      layout_loops_corners, nicolae_elyvilon_temple_path, vehumet_crystals,
          gammafunk_temple_overflow_statue, serial_shops, nicolae_square_shop,
          shapermc_ecumenical_altar_gd, corner_web_ring, minmay_puff
D:4:      minmay_wonky_spiral, layout_cave_pools,
          minmay_temple_entry_purple_smoke
D:5:      layout_rooms, serial_shops, kennysheep_little_box, enter_ossuary_1

Skill      XL: |  1  2  3  4  5  6 |
---------------+-------------------+-----
Stealth        | 3 4 |  4.9
Dodging        | 3 |  3.4
Spellcasting   | 3 |  3.3
Translocations | 1 |  1.5
Conjurations   | 5 |  5.0

Action                     |  1- 3 |  4- 6 || total
---------------------------+-------+-------++-------
  Melee: Short sword       |    22 |    29 ||    51
         Tentacles         |     5 |     2 ||     7
         Constrict         |     3 |     9 ||    12
         Dagger            |     1 |       ||     1
         Unarmed           |     1 |       ||     1
  Throw: Stone             |     3 |       ||     3
   Cast: Magic Dart        |    32 |    44 ||    76
         Searing Ray       |       |    13 ||    13
    Use: Scroll            |       |     4 ||     4
   Stab: Sleeping          |     4 |     4 ||     8
 Armour: Skin              |     6 |    35 ||    41
  Dodge: Dodged            |    11 |    29 ||    40
